[Event "ICC Open 2015"]
[Site "Internet Chess Club"]
[Date "2015.05.29"]
[Round "7"]
[White "BV220364"]
[Black "MSopko"]
[Result "1-0"]
[ICCResult "Black resigns"]
[WhiteElo "1766"]
[BlackElo "1196"]
[Opening "Queen's pawn game, Krause variation"]
[ECO "D02"]
[NIC "QP.09"]
[Time "15:18:11"]
[TimeControl "180+0"]

1. Nf3 d5 2. d4 c5 3. c4 Nf6 4. cxd5 Nxd5 5. e4 Nf6 6. Nc3 e6 7. Be2 Nc6 8.
d5 exd5 9. exd5 Nb4 10. Bc4 a6 11. O-O b5 12. Re1+ Be7 13. Nxb5 axb5 14.
Bxb5+ Bd7 15. Bxd7+ Qxd7 16. d6 O-O 17. dxe7 Rfe8 18. Qxd7 Nxd7 19. Rd1 Nf6
20. Bf4 Rxe7 21. Bd6 Ree8 22. Bxc5 Nc6 23. a3 Rac8 24. b4 Nd8 25. h3 Ne6 26.
Be3 h6 27. a4 Rc4 28. b5 Ra8 29. b6 Raxa4 30. Rab1 Nd8 31. b7 Nc6 32. b8=Q+
Nxb8 33. Rd8+ Kh7 34. Rdxb8 Rc2 35. R8b7 Raa2 36. Ne5 Ne4 37. Rxf7
{Black resigns}
1-0

[Event "ICC Open 2015"]
[Site "Internet Chess Club"]
[Date "2015.05.29"]
[Round "7"]
[White "TheCypriot"]
[Black "ChessNakas"]
[Result "1-0"]
[ICCResult "Black checkmated"]
[WhiteElo "1865"]
[BlackElo "2121"]
[Opening "English opening"]
[ECO "A20"]
[NIC "EO.24"]
[Time "15:17:29"]
[TimeControl "180+0"]

1. c4 e5 2. g3 d6 3. Bg2 f5 4. Nc3 Nf6 5. d3 Be7 6. e4 O-O 7. Nge2 Nc6 8.
O-O h6 9. h3 Nd4 10. Nxd4 exd4 11. Nd5 fxe4 12. dxe4 c5 13. b4 b6 14. Nxe7+
Qxe7 15. e5 dxe5 16. Bxa8 Bxh3 17. Bg2 Bg4 18. Qb3 e4 19. Rb1 Qf7 20. bxc5
bxc5 21. Qb7 Qh5 22. Bf4 Bf3 23. Rb3 Ng4 24. Qd5+ Qxd5 25. cxd5 Bxg2 26.
Kxg2 c4 27. Rb4 Rc8 28. d6 Nf6 29. Be5 a5 30. Ra4 Nd7 31. Bxd4 Rc6 32. Re1
Rxd6 33. Rxe4 Rc6 34. Bc3 Nc5 35. Rexc4 Nxa4 36. Rxc6 Nxc3 37. Rxc3 Kh7 38.
Ra3 Kg6 39. Rxa5 h5 40. Ra6+ Kg5 41. Kf3 g6 42. a4 h4 43. gxh4+ Kxh4 44.
Rxg6 Kh5 45. Rg8 Kh6 46. a5 Kh7 47. Rg1 Kh6 48. a6 Kh5 49. a7 Kh4 50. a8=Q
Kh3 51. Qh8# {Black checkmated} 1-0

[Event "ICC Open 2015"]
[Site "Internet Chess Club"]
[Date "2015.05.29"]
[Round "7"]
[White "altoming"]
[Black "HPG1947"]
[Result "0-1"]
[ICCResult "White forfeits on time"]
[WhiteElo "1698"]
[BlackElo "1779"]
[Opening "Caro-Kann: closed (Breyer) variation"]
[ECO "B10"]
[NIC "CK.01"]
[Time "15:17:13"]
[TimeControl "180+0"]

1. e4 c6 2. d3 d5 3. Qh5 Nf6 4. Qe5 e6 5. exd5 cxd5 6. Nf3 Nc6 7. Qg5 h6 8.
Qh4 Be7 9. Be2 Bd7 10. Nc3 Nb4 11. Nd4 e5 12. O-O exd4 13. Qxd4 Nxc2 14. Qh4
Nxa1 15. Bxh6 Rxh6 16. Qg3 Nc2 17. Qxg7 Rg6 18. Qh8+ Rg8 19. Qh4 Qb6 20. Bh5
Qxb2 21. Ne2 O-O-O 22. Bxf7 Rg7 23. Bh5 Qe5 24. Rc1 Nxh5 25. Rxc2+ Kb8 26.
d4 Qe4 27. Qxe4 dxe4 28. Nc3 Rc8 29. g4 Nf4 30. Kf1 Bxg4
{White forfeits on time}
0-1

[Event "ICC Open 2015"]
[Site "Internet Chess Club"]
[Date "2015.05.29"]
[Round "7"]
[White "SirHarmony"]
[Black "Cramagica"]
[Result "1-0"]
[ICCResult "Black forfeits on time"]
[WhiteElo "1506"]
[BlackElo "1227"]
[Opening "French: advance, Paulsen attack"]
[ECO "C02"]
[NIC "FR.03"]
[Time "15:17:29"]
[TimeControl "180+0"]

1. e4 e6 2. d4 d5 3. e5 c5 4. c3 Nc6 5. Nf3 Nge7 6. Bd3 Ng6 7. Be3 Be7 8. h4
h5 9. Nbd2 a6 10. a3 b5 11. Bxg6 fxg6 12. Qc2 cxd4 13. Qxg6+ Kd7 14. cxd4
Qf8 15. O-O Rh6 16. Bxh6 gxh6 17. Qxh5 Qg7 18. Nb3 Bb7 19. Rac1 Rg8 20. g3
Qg6 21. Qxg6 Rxg6 22. Nc5+ Bxc5 23. Rxc5 Rg4 24. Rfc1 Re4 25. Kg2 Re2 26.
R5c2 Re4 27. Rd1 Na5 28. Rdc1 Nc6 29. b4 Ke7 30. Rxc6 Bxc6 31. Rxc6
{Black forfeits on time}
1-0

[Event "ICC Open 2015"]
[Site "Internet Chess Club"]
[Date "2015.05.29"]
[Round "7"]
[White "Vegita"]
[Black "Giantvin"]
[Result "1/2-1/2"]
[ICCResult "Game drawn because neither player has mating material"]
[WhiteElo "2315"]
[BlackElo "1965"]
[Opening "QGD Slav defense: exchange variation"]
[ECO "D13"]
[NIC "SL.01"]
[Time "15:17:04"]
[TimeControl "180+0"]

1. d4 d5 2. c4 c6 3. cxd5 cxd5 4. Nf3 Nc6 5. Nc3 Nf6 6. Bf4 e6 7. e3 Be7 8.
h3 O-O 9. Bd3 Bd7 10. Rc1 a6 11. O-O Rc8 12. Qe2 Qb6 13. Bb1 Na5 14. Ne5 Bb5
15. Nxb5 Qxb5 16. Bd3 Qa4 17. b3 Qa3 18. Rc2 Rxc2 19. Qxc2 Nc6 20. Nxc6 bxc6
21. Rc1 Ne4 22. Bxe4 dxe4 23. Kh2 h6 24. Qxc6 Qxa2 25. Qxe4 Qxb3 26. Ra1 Qb5
27. Qe5 Rd8 28. Bg3 Qxe5 29. Bxe5 Ra8 30. Bc7 Kf8 31. Kg3 Ke8 32. Kf3 Bd8
33. Ba5 Bxa5 34. Rxa5 Kd7 35. Ke4 Kd6 36. f4 f6 37. g4 Ra7 38. h4 Ra8 39. h5
Ra7 40. f5 exf5+ 41. Kxf5 Kc6 42. e4 Kb6 43. Ra1 a5 44. e5 fxe5 45. dxe5 Kc6
46. g5 hxg5 47. Kxg5 Kd5 48. Re1 Ke6 49. Kf4 a4 50. Ra1 a3 51. Ra2 Ra4+ 52.
Kg5 Kxe5 53. Kg6 Ra7 54. Kg5 Kd4 55. Kf4 Kc3 56. Ke3 Kb3 57. Rh2 a2 58. Rh1
a1=Q 59. Rxa1 Rxa1 60. Kf4 Rh1 61. Kg5 Rxh5+ 62. Kxh5 Kc4 63. Kg6 Kd5 64.
Kxg7 {Game drawn because neither player has mating material} 1/2-1/2

[Event "ICC Open 2015"]
[Site "Internet Chess Club"]
[Date "2015.05.29"]
[Round "7"]
[White "Perseus"]
[Black "Ramanip15"]
[Result "1-0"]
[ICCResult "Black forfeits on time"]
[WhiteElo "2387"]
[BlackElo "1926"]
[Opening "King's Indian: East Indian defense"]
[ECO "A48"]
[NIC "QP.06"]
[Time "15:17:41"]
[TimeControl "180+0"]

1. d4 Nf6 2. Nf3 g6 3. Nbd2 Bg7 4. e4 d6 5. Bd3 O-O 6. O-O c5 7. c3 cxd4 8.
cxd4 Nc6 9. Re1 Bd7 10. a3 Rc8 11. b4 a6 12. Bb2 b5 13. Qe2 Bg4 14. h3 Bxf3
15. Nxf3 d5 16. e5 Nd7 17. e6 Nf6 18. exf7+ Rxf7 19. Ng5 Rf8 20. Qe6+ Kh8
21. Nf7+ Rxf7 22. Qxf7 Nh5 23. Rac1 Bf6 24. g3 Qd7 25. Qe6 Qxe6 26. Rxe6 Na7
27. Rxc8+ Nxc8 28. Rxa6 Nd6 29. Kg2 Kg7 30. a4 bxa4 31. b5 Nc4 32. Ba1 Kf7
33. Rxa4 Nb6 34. Ra6 Nd7 35. b6 Ng7 36. b7 Nb8 37. Ra8 Nc6 38. Bb5 Nxd4 39.
Bxd4 Ne6 40. Bxf6 exf6 41. b8=Q g5 42. Qg8+ {Black forfeits on time} 1-0

[Event "ICC Open 2015"]
[Site "Internet Chess Club"]
[Date "2015.05.29"]
[Round "7"]
[White "jyd34"]
[Black "iragefree"]
[Result "1-0"]
[ICCResult "Black resigns"]
[WhiteElo "1562"]
[BlackElo "1821"]
[Opening "Sicilian: Scheveningen variation"]
[ECO "B80"]
[NIC "SI.19"]
[Time "15:18:09"]
[TimeControl "180+0"]

1. e4 c5 2. Nf3 e6 3. d4 cxd4 4. Nxd4 Nf6 5. Nc3 d6 6. Be3 Be7 7. f3 Nc6 8.
Qd2 a6 9. O-O-O O-O 10. Be2 Nd7 11. g4 Nde5 12. h4 b5 13. g5 b4 14. Na4 a5
15. f4 Nxd4 16. Bxd4 Nc6 17. Be3 Qc7 18. h5 Rd8 19. g6 fxg6 20. Bb6 Qb7 21.
Bxd8 Nxd8 22. Bd3 e5 23. hxg6 h6 24. b3 exf4 25. Kb1 Bg5 26. Bc4+ Be6 27.
Bxe6+ Nxe6 28. Qxd6 Kh8 29. Qxe6 Rc8 30. Qf7 Qxe4 31. Rc1 f3 32. Rhe1 Qc6
33. Red1 f2 34. Rd7 Qxc2+ 35. Rxc2 f1=Q+ 36. Qxf1 h5 37. Rxc8+ {Black
resigns} 1-0

[Event "ICC Open 2015"]
[Site "Internet Chess Club"]
[Date "2015.05.29"]
[Round "7"]
[White "Ennjy"]
[Black "garompon"]
[Result "0-1"]
[ICCResult "White resigns"]
[WhiteElo "1972"]
[BlackElo "2539"]
[Opening "King's Indian: Four pawns attack, dynamic line"]
[ECO "E76"]
[NIC "KI.32"]
[Time "15:18:41"]
[TimeControl "180+0"]

1. d4 Nf6 2. c4 g6 3. Nc3 Bg7 4. e4 O-O 5. f4 d6 6. Nf3 c5 7. d5 a6 8. Bd3
b5 9. cxb5 axb5 10. Bxb5 Nxe4 11. Nxe4 Qa5+ 12. Nc3 Bxc3+ 13. bxc3 Qxb5 14.
Qe2 Qxe2+ 15. Kxe2 Ba6+ 16. Kd1 Bc4 17. a3 Bxd5 18. Re1 Bxf3+ 19. gxf3 e6
20. Kc2 Nc6 21. Bb2 Ra4 22. Rad1 d5 23. Bc1 Rb8 24. h4 h5 25. Re2 Ne7 26.
Rg2 Nf5 27. Rh2 Kf8 28. Rd3 Ke7 29. Bb2 Rxf4 30. Bc1 Ra4 31. f4 Kd7 32. Rhh3
Kc6 33. Rh1 Rba8 34. Rhh3 Re4 35. Rh2 Raa4 36. Kb3 Kb5 37. Rdd2 Rxf4 38. Rb2
Rxh4 39. Rxh4 Rxh4 40. Ra2 c4+ 41. Kb2 Rh2+ 42. Kb1 Rxa2 43. Kxa2 h4
{White resigns}
0-1

[Event "ICC Open 2015"]
[Site "Internet Chess Club"]
[Date "2015.05.29"]
[Round "7"]
[White "Nos"]
[Black "VerdeNotte"]
[Result "0-1"]
[ICCResult "White forfeits on time"]
[WhiteElo "2332"]
[BlackElo "2933"]
[Opening "Réti opening"]
[ECO "A04"]
[NIC "QP.11"]
[Time "15:17:06"]
[TimeControl "180+0"]

1. Nf3 g6 2. c4 Bg7 3. g3 Nf6 4. Bg2 O-O 5. O-O d6 6. Nc3 Nc6 7. d3 e5 8.
Nd2 Be6 9. Nd5 Qd7 10. Rb1 Bh3 11. e4 Nd4 12. b4 c6 13. Nxf6+ Bxf6 14. Bb2
Bxg2 15. Kxg2 Ne6 16. a4 d5 17. cxd5 cxd5 18. Qb3 Rfd8 19. Rfd1 Ng5 20. h4
Qh3+ 21. Kg1 Ne6 22. exd5 Nf4 23. gxf4 Bxh4 24. d4 Qg4+ 25. Kf1 e4 26. Nxe4
Re8 27. Re1 Qxf4 28. Ng3 Qg4 29. Kg2 h5 30. Qf3 Qd7 31. Ne4 Kg7 32. d6 f5
33. d5+ Kh6 34. Nf6 Bxf6 35. Bxf6 Qxd6 36. Bc3 g5 37. Qxf5 Rad8 38. Re6+
Rxe6 39. Qxe6+ Qxe6 40. dxe6 Re8 41. Re1 Kg6 42. e7 b6 43. Bd2 Kf5 44. Kg3
h4+ 45. Kh3 a6 46. b5 a5 47. Bc3 Kg6 48. Bd4 Kf5 49. Bxb6 Kf4 50. Be3+ Kf5
51. Bd4 Kf4 52. Re3 g4+ 53. Kg2 h3+ 54. Kh2 Kf5 55. Be5 Rxe7 56. Bg3 Rd7 57.
Re5+ Kf6 58. Rc5 Kf7 59. Rc6 Re7 60. Rc7 Rxc7 61. Bxc7 Ke6 62. Kg3 Kd7 63.
Kxg4 Kc8 {White forfeits on time} 0-1

[Event "ICC Open 2015"]
[Site "Internet Chess Club"]
[Date "2015.05.29"]
[Round "7"]
[White "SPARNALIQ"]
[Black "Shadeath"]
[Result "1-0"]
[ICCResult "Black checkmated"]
[WhiteElo "2818"]
[BlackElo "2963"]
[Opening "Caro-Kann: advance variation"]
[ECO "B12"]
[NIC "CK.04"]
[Time "15:17:39"]
[TimeControl "180+0"]

1. e4 c6 2. d4 d5 3. e5 Bf5 4. Nf3 e6 5. Be2 Nd7 6. O-O Ne7 7. b3 c5 8. c4
dxc4 9. bxc4 cxd4 10. Qxd4 Nc6 11. Qf4 Bc5 12. Nc3 O-O 13. Ne4 Bxe4 14. Qxe4
Re8 15. Bg5 Be7 16. h4 h6 17. Be3 Qc7 18. Bd3 Nf8 19. Rad1 Rad8 20. Rfe1 Rd7
21. Qg4 Kh8 22. Qh5 Bb4 23. Bxh6 gxh6 24. Qxh6+ Kg8 25. Ng5 Nxe5 26. Bh7+
Nxh7 27. Qxh7+ Kf8 28. Rxd7 Qxd7 29. Rxe5 Bc3 30. Nxe6+ Rxe6 31. Qh8+ Ke7
32. Rxe6+ Qxe6 33. Qxc3 Qa6 34. Qe3+ Kf8 35. Qe2 f6 36. g3 Kg7 37. Kg2 Kf7
38. Qe4 Qb6 39. Qd5+ Kf8 40. c5 Qc7 41. Qd6+ Qxd6 42. cxd6 b5 43. h5 a5 44.
h6 b4 45. h7 Kg7 46. d7 b3 47. d8=Q Kxh7 48. axb3 a4 49. Qc7+ Kg6 50. bxa4
f5 51. a5 f4 52. a6 f3+ 53. Kxf3 Kf5 54. a7 Kg5 55. a8=Q Kf5 56. Qd5+ Kg6
57. Qcf7+ Kh6 58. Qdh5# {Black checkmated} 1-0

[Event "ICC Open 2015"]
[Site "Internet Chess Club"]
[Date "2015.05.29"]
[Round "7"]
[White "akibael"]
[Black "kobayashi"]
[Result "1-0"]
[ICCResult "Black forfeits on time"]
[WhiteElo "2445"]
[BlackElo "1986"]
[Opening "Queen's pawn game"]
[ECO "D02"]
[NIC "QP.09"]
[Time "15:18:14"]
[TimeControl "180+0"]

1. Nf3 d5 2. d4 Nd7 3. c4 e6 4. e3 a6 5. c5 Qe7 6. Nc3 c6 7. Be2 e5 8. O-O
e4 9. Nd2 g6 10. f3 exf3 11. Nxf3 Bg7 12. Bd3 f5 13. Bd2 Ngf6 14. Kh1 O-O
15. Qe1 Ne4 16. Bc1 Ndf6 17. Ne2 Be6 18. Nf4 Bf7 19. Ne5 Rae8 20. Bd2 Kh8
21. Nxf7+ Qxf7 22. Qe2 Ng4 23. Bxe4 Rxe4 24. Qf3 g5 25. Nd3 Qe6 26. Rae1 Qh6
27. h3 Rfe8 28. Kg1 Nf6 29. Qxf5 g4 30. Ne5 {Black forfeits on time} 1-0

[Event "ICC Open 2015"]
[Site "Internet Chess Club"]
[Date "2015.05.29"]
[Round "7"]
[White "EirikG"]
[Black "mvillalba"]
[Result "1-0"]
[ICCResult "Black checkmated"]
[WhiteElo "2552"]
[BlackElo "2165"]
[Opening "Four knights: Gunsberg variation"]
[ECO "C47"]
[NIC "KP.06"]
[Time "15:18:23"]
[TimeControl "180+0"]

1. e4 e5 2. Nf3 Nc6 3. Nc3 Nf6 4. a3 d6 5. d4 exd4 6. Nxd4 Bd7 7. Bc4 Be7 8.
O-O O-O 9. Re1 Nxd4 10. Qxd4 Bc6 11. Bf4 Re8 12. Rad1 h6 13. h3 Bf8 14. b4
a6 15. Bd3 Nd7 16. Nd5 Nf6 17. c4 Nxd5 18. exd5 Bd7 19. Bc2 g6 20. Qd2 Kh7
21. Rxe8 Qxe8 22. h4 Bg7 23. h5 Qd8 24. hxg6+ fxg6 25. Re1 Qf6 26. c5 Re8
27. Rxe8 Bxe8 28. cxd6 cxd6 29. g3 Bf7 30. Kg2 Qd4 31. Qxd4 Bxd4 32. Bb3 Bb2
33. a4 Ba3 34. Bxd6 a5 35. Kf3 Bxb4 36. Bxb4 axb4 37. Ke4 Kg7 38. Ke5 Kf8
39. Kd6 h5 40. f4 Ke8 41. Kc7 Kf8 42. Kxb7 Be8 43. d6 Bd7 44. Kc7 Ke8 45. a5
Bb5 46. a6 Bxa6 47. d7+ Ke7 48. d8=Q# {Black checkmated} 1-0

[Event "ICC Open 2015"]
[Site "Internet Chess Club"]
[Date "2015.05.29"]
[Round "7"]
[White "HaraldEskilstu"]
[Black "Mercury"]
[Result "0-1"]
[ICCResult "White forfeits on time"]
[WhiteElo "2004"]
[BlackElo "2459"]
[Opening "Sicilian: closed"]
[ECO "B23"]
[NIC "SI.44"]
[Time "15:17:05"]
[TimeControl "180+0"]

1. e4 c5 2. Nc3 e6 3. f4 d5 4. Bb5+ Nc6 5. d3 Ne7 6. Nf3 a6 7. Bxc6+ Nxc6 8.
O-O Be7 9. Bd2 O-O 10. a3 b5 11. Ne2 dxe4 12. dxe4 Qb6 13. Be3 Rd8 14. Qe1
Nd4 15. Nexd4 cxd4 16. Bf2 Bb7 17. Rd1 Qc6 18. Nxd4 Qxe4 19. Qxe4 Bxe4 20.
c3 Rac8 21. Be3 g6 22. Kf2 Bd5 23. g3 f6 24. Rfe1 Kf7 25. Nc2 Bb3 26. Rxd8
Rxd8 27. Nb4 Rd6 28. Re2 a5 29. Nc2 Ra6 30. Nd4 Bc4 31. Rd2 a4 32. Nf3 Rd6
33. Rxd6 Bxd6 34. Nd4 e5 35. fxe5 fxe5 36. Nf3 h5 37. h4 Ke6 38. Ng5+ Kf5
39. Nf3 e4 40. Nd4+ Kg4 41. Nc2 Bxg3+ 42. Kg2 Bxh4 43. Bd2 Kf5 44. Ne3+ Ke6
45. Nf1 Bf6 46. Be3 g5 47. Nd2 g4 48. Nxe4 Bd5 49. Kg3 Bxe4 50. Bc5 Bg6 51.
Bd4 Kf5 {White forfeits on time} 0-1

[Event "ICC Open 2015"]
[Site "Internet Chess Club"]
[Date "2015.05.29"]
[Round "7"]
[White "NietzscheBac"]
[Black "AAntonioEu"]
[Result "0-1"]
[ICCResult "White forfeits on time"]
[WhiteElo "1706"]
[BlackElo "1889"]
[Opening "Queen's gambit accepted"]
[ECO "D23"]
[NIC "QG.05"]
[Time "15:17:04"]
[TimeControl "180+0"]

1. d4 d5 2. c4 dxc4 3. Nf3 Nf6 4. e4 Nxe4 5. Bxc4 e6 6. Nc3 Nxc3 7. bxc3 c5
8. O-O cxd4 9. Nxd4 Be7 10. Qg4 O-O 11. Bh6 Bf6 12. Qg3 Nc6 13. Rad1 Nxd4
14. cxd4 Qe7 15. Rfe1 Kh8 16. Be3 Bd7 17. d5 exd5 18. Bxd5 Be6 19. Bxe6 fxe6
20. Rc1 Rac8 21. Qf4 Rxc1 22. Rxc1 e5 23. Qa4 a6 24. Bc5 Rc8 25. Qa3 Qd7 26.
Be3 Rxc1+ 27. Qxc1 Qc6 28. Qxc6 bxc6 29. h3 Kg8 30. Kf1 Kf7 31. Ke2 Ke6 32.
Kd3 Kd5 33. Bd2 c5 34. Kc3 e4+ 35. Kb3 Kd4 36. Be3+ Kd5 37. Ka4 Bd4 38. Ka5
Bxe3 39. fxe3 g5 40. Kxa6 c4 41. Kb5 c3 42. a4 c2 43. a5 c1=Q 44. a6 Qb2+
45. Ka5 Kc4 46. a7 Kd3 47. Ka6 Qa2+ 48. Kb7 Kxe3 49. a8=Q Qxa8+ 50. Kxa8 Kf2
51. Kb7 e3 52. Kc6 e2 53. Kd7 e1=Q 54. Kc7 Qe4 55. Kb8 Qxg2 56. h4 gxh4
{White forfeits on time}
0-1

[Event "ICC Open 2015"]
[Site "Internet Chess Club"]
[Date "2015.05.29"]
[Round "7"]
[White "Talion"]
[Black "Bagelhead"]
[Result "1-0"]
[ICCResult "Black forfeits on time"]
[WhiteElo "2920"]
[BlackElo "2340"]
[Opening "Queen's pawn: London system"]
[ECO "A45"]
[NIC "QO.03"]
[Time "15:17:32"]
[TimeControl "180+0"]

1. d4 Nf6 2. Bf4 e6 3. e3 d5 4. c4 Be7 5. Nc3 O-O 6. Nf3 c5 7. a3 Nc6 8. Be2
a6 9. O-O cxd4 10. exd4 dxc4 11. Bxc4 b5 12. Ba2 Bb7 13. d5 exd5 14. Nxd5
Nxd5 15. Bxd5 Na5 16. Bxb7 Nxb7 17. Ne5 Rc8 18. Qf3 Nc5 19. Rad1 Qe8 20. b4
f6 21. Ng4 Na4 22. Ne3 Qf7 23. Rd7 Rfd8 24. Ra7 Qe6 25. Qb7 Bf8 26. Rxa6 Qb3
27. h4 Nc3 28. Kh1 Ne2 29. Bh2 Qd3 30. Ra7 Nd4 31. Qf7+ Kh8 32. Bg3 Nf5 33.
Rd1 Nxg3+ 34. Kh2 Qe2 35. Rxd8 Rxd8 36. Kxg3 h5 37. Kh3 Kh7 38. Qe6
{Black forfeits on time}
1-0

[Event "ICC Open 2015"]
[Site "Internet Chess Club"]
[Date "2015.05.29"]
[Round "7"]
[White "Blondicheck"]
[Black "ALexiz"]
[Result "0-1"]
[ICCResult "White checkmated"]
[WhiteElo "1518"]
[BlackElo "1775"]
[Opening "Sicilian"]
[ECO "B50"]
[NIC "SI.01"]
[Time "15:17:27"]
[TimeControl "180+0"]

1. e4 c5 2. Nf3 d6 3. c3 Nf6 4. Be2 Nc6 5. d4 cxd4 6. cxd4 Nxe4 7. d5 Qa5+
8. Nc3 Nxc3 9. bxc3 Ne5 10. Nxe5 dxe5 11. Qb3 a6 12. O-O g6 13. Bb2 Bg7 14.
c4 O-O 15. f4 exf4 16. Bxg7 Kxg7 17. Qb2+ f6 18. Rxf4 Qc5+ 19. Qd4 Qxd4+ 20.
Rxd4 b6 21. Rad1 Bf5 22. g4 Bc2 23. R1d2 Ba4 24. d6 exd6 25. Rxd6 b5 26. c5
Rac8 27. c6 b4 28. Bxa6 Rxc6 29. Rxc6 Bxc6 30. Rd6 Bf3 31. h3 Ra8 32. Bc4
Rb8 33. Rd7+ Kh6 34. Be6 Bc6 35. Rc7 Ba4 36. h4 b3 37. axb3 Bxb3 38. Bxb3
Rxb3 39. Rc4 Rh3 40. h5 gxh5 41. gxh5 Kxh5 42. Kg2 Rh4 43. Rc7 Kg6 44. Kg3
Rh5 45. Kg4 Rg5+ 46. Kh4 h5 47. Rc6 Rg4+ 48. Kh3 Kg5 49. Rc5+ f5 50. Rc7 h4
51. Rg7+ Kf4 52. Rh7 Kg5 53. Rg7+ Kf4 54. Rh7 Ke3 55. Rxh4 Rxh4+ 56. Kxh4 f4
57. Kh3 f3 58. Kh2 Ke2 59. Kg1 f2+ 60. Kh2 f1=Q 61. Kg3 Qf3+ 62. Kh2 Qg4 63.
Kh1 Kf2 64. Kh2 Qh4# {White checkmated} 0-1

[Event "ICC Open 2015"]
[Site "Internet Chess Club"]
[Date "2015.05.29"]
[Round "7"]
[White "Palenque"]
[Black "AMKE"]
[Result "0-1"]
[ICCResult "White forfeits on time"]
[WhiteElo "1671"]
[BlackElo "1637"]
[Opening "French: King's Indian attack"]
[ECO "C00"]
[NIC "FR.02"]
[Time "15:17:16"]
[TimeControl "180+0"]

1. e4 e6 2. d3 d5 3. Nd2 Nf6 4. Ngf3 b6 5. e5 Nfd7 6. g3 c5 7. Bg2 Bb7 8.
O-O d4 9. Re1 Nc6 10. h4 Qc7 11. Ne4 Ncxe5 12. Nxe5 Nxe5 13. Bf4 Bxe4 14.
Rxe4 Bd6 15. Rxe5 Bxe5 16. Bxe5 Qxe5 17. Bxa8 O-O 18. Bg2 Qd6 19. Qf3 f5 20.
Re1 f4 21. Qc6 Qb8 22. Qxe6+ Kh8 23. Qg4 fxg3 24. fxg3 Qd6 25. Re6 Qd7 26.
Be4 g6 27. Kg2 Rf6 28. Rxf6 Qxg4 29. Rf2 Kg7 30. a4 Qe6 31. b3 a6 32. Bf3 b5
33. axb5 axb5 34. g4 c4 35. dxc4 bxc4 36. bxc4 Qxc4 37. Be4 Qe6 38. Bf3 Qe3
39. Kg3 Qe5+ 40. Kg2 Qe7 41. Re2 Qxh4 {White forfeits on time} 0-1

[Event "ICC Open 2015"]
[Site "Internet Chess Club"]
[Date "2015.05.29"]
[Round "7"]
[White "Danya"]
[Black "jefferyx"]
[Result "1-0"]
[ICCResult "Black checkmated"]
[WhiteElo "3062"]
[BlackElo "2913"]
[Opening "Grünfeld: exchange variation"]
[ECO "D85"]
[NIC "GI.03"]
[Time "15:17:18"]
[TimeControl "180+0"]

1. d4 Nf6 2. c4 g6 3. Nc3 d5 4. cxd5 Nxd5 5. Bd2 Bg7 6. Nf3 Nxc3 7. Bxc3 Bg4
8. e3 O-O 9. Be2 c5 10. O-O cxd4 11. Bxd4 Bxd4 12. Nxd4 Bxe2 13. Qxe2 Qb6
14. Rac1 Nd7 15. Rfd1 Rac8 16. h4 Nf6 17. Qb5 Qxb5 18. Nxb5 a6 19. Nd4 e6
20. Nb3 Nd5 21. Nc5 Rc7 22. Nd3 Rfc8 23. Rxc7 Rxc7 24. e4 Ne7 25. Ne5 f6 26.
Ng4 Kf7 27. e5 f5 28. Nf6 h6 29. Rd8 g5 30. h5 Rc5 31. Ne8 Rxe5 32. Nd6+ Kf6
33. Rf8+ Kg7 34. Rf7+ Kg8 35. Rxe7 Re2 36. Rxb7 g4 37. g3 Kf8 38. Rf7+ Kg8
39. Rb7 Kf8 40. a4 a5 41. Nc4 e5 42. Nd6 f4 43. gxf4 exf4 44. Rf7+ Kg8 45.
Rxf4 Rxb2 46. Rxg4+ Kf8 47. Re4 Rd2 48. Nc4 Rd5 49. Re5 Rd4 50. Rc5 Ke7 51.
Kf1 Rh4 52. Ke2 Ke6 53. f3 Kf6 54. Ke3 Rh1 55. f4 Ra1 56. Rxa5 Rc1 57. Kd4
Rd1+ 58. Kc3 Rc1+ 59. Kb3 Rb1+ 60. Nb2 Rc1 61. Rb5 Rf1 62. a5 Rf3+ 63. Kb4
Rxf4+ 64. Nc4 Rf1 65. a6 Ra1 66. Ra5 Rb1+ 67. Kc5 Rb8 68. a7 Rc8+ 69. Kd6
Rd8+ 70. Kc7 Ra8 71. Nb6 Rg8 72. a8=Q Rg7+ 73. Nd7+ Ke6 74. Re5+ Kf7 75.
Qd5# {Black checkmated} 1-0

[Event "ICC Open 2015"]
[Site "Internet Chess Club"]
[Date "2015.05.29"]
[Round "7"]
[White "MasterZachary"]
[Black "Rinazina46"]
[Result "0-1"]
[ICCResult "White checkmated"]
[WhiteElo "2167"]
[BlackElo "1900"]
[Opening "Sicilian: Anderssen variation"]
[ECO "B41"]
[NIC "SI.41"]
[Time "15:17:06"]
[TimeControl "180+0"]

1. e4 c5 2. Nf3 e6 3. d4 cxd4 4. Nxd4 Nf6 5. Nc3 Nc6 6. Ndb5 Bb4 7. a3 Bxc3+
8. Nxc3 d5 9. exd5 exd5 10. Qe2+ Be6 11. Bg5 d4 12. Ne4 Qa5+ 13. Bd2 Qe5 14.
Nxf6+ Qxf6 15. O-O-O O-O 16. g4 Rac8 17. f4 Bd5 18. Bg2 Bxg2 19. Qxg2 d3 20.
Rdf1 Nd4 21. c3 Ne2+ 22. Kb1 Qb6 23. Ka1 Qb3 24. Rd1 Rfd8 25. Rhe1 b5 26.
Be3 a5 27. Rd2 b4 28. cxb4 axb4 29. Bb6 Re8 30. Qf3 bxa3 31. Qxd3 axb2+ 32.
Kb1 Nc3+ 33. Qxc3 Qxc3 34. Rxe8+ Rxe8 35. Rxb2 Re1+ 36. Ka2 Qc4+ 37. Ka3
Ra1+ 38. Ra2 Rxa2# {White checkmated} 0-1

[Event "ICC Open 2015"]
[Site "Internet Chess Club"]
[Date "2015.05.29"]
[Round "7"]
[White "random31415"]
[Black "xime"]
[Result "1-0"]
[ICCResult "Black checkmated"]
[WhiteElo "1893"]
[BlackElo "1406"]
[Opening "Scandinavian (center counter) defense"]
[ECO "B01"]
[NIC "SD.01"]
[Time "15:17:48"]
[TimeControl "180+0"]

1. e4 d5 2. exd5 Qxd5 3. Nc3 Qa5 4. Bc4 Nc6 5. d3 Bf5 6. Qe2 e6 7. Bd2 Nd4
8. Qd1 Qe5+ 9. Nge2 O-O-O 10. Be3 Nxe2 11. Qxe2 Bb4 12. Bd2 Qxe2+ 13. Kxe2
Nf6 14. Nd1 Bxd2 15. Kxd2 Nd5 16. Ne3 Nxe3 17. fxe3 Bg6 18. Rhf1 Rhe8 19. g4
f6 20. Ke2 e5 21. h4 h6 22. h5 Bh7 23. e4 Re7 24. a4 Bg8 25. Bxg8 Rxg8 26.
Ke3 Rd8 27. a5 a6 28. c4 c5 29. Rab1 Red7 30. Rfd1 Rd4 31. Rd2 Kc7 32. b4
cxb4 33. Rxb4 R8d7 34. Ke2 Kc6 35. Rb6+ Kc5 36. Ke3 R4d6 37. Rxd6 Rxd6 38.
Rb2 b6 39. axb6 Rxb6 40. Ra2 Rd6 41. Kd2 Kb4 42. Kc2 a5 43. Rb2+ Ka4 44. Kc3
Rd7 45. Ra2# {Black checkmated} 1-0

[Event "ICC Open 2015"]
[Site "Internet Chess Club"]
[Date "2015.05.29"]
[Round "7"]
[White "bythebook"]
[Black "krankenstein"]
[Result "1-0"]
[ICCResult "Black checkmated"]
[WhiteElo "1722"]
[BlackElo "1073"]
[Opening "Philidor's defense"]
[ECO "C41"]
[NIC "KP.10"]
[Time "15:18:57"]
[TimeControl "180+0"]

1. e4 e5 2. Nf3 d6 3. Bc4 h6 4. d4 exd4 5. Nxd4 c5 6. Nb5 a6 7. N5c3 Nc6 8.
Bf4 Nf6 9. O-O Be7 10. Re1 O-O 11. h3 Re8 12. Nd2 b5 13. Bf1 Be6 14. Nf3 Nd4
15. Nxd4 cxd4 16. Qxd4 d5 17. e5 Nh5 18. Be3 Rc8 19. g4 Bc5 20. Qd2 Bxe3 21.
fxe3 d4 22. exd4 Nf4 23. Qxf4 g5 24. Qf6 Kh7 25. Bd3+ Kg8 26. Qxh6 Bc4 27.
Bh7+ Kh8 28. Bf5+ Kg8 29. Rad1 Re6 30. Qh7+ Kf8 31. d5 Re7 32. Qh8#
{Black checkmated}
1-0

[Event "ICC Open 2015"]
[Site "Internet Chess Club"]
[Date "2015.05.29"]
[Round "7"]
[White "Meditator"]
[Black "BlueGreen"]
[Result "0-1"]
[ICCResult "White forfeits on time"]
[WhiteElo "2274"]
[BlackElo "2687"]
[Opening "Nimzo-Indian: 4.e3 c5"]
[ECO "E41"]
[NIC "NI.07"]
[Time "15:17:40"]
[TimeControl "180+0"]

1. d4 Nf6 2. c4 e6 3. Nc3 Bb4 4. e3 c5 5. Bd3 O-O 6. Nf3 cxd4 7. exd4 d5 8.
O-O dxc4 9. Bxc4 Nc6 10. a3 Be7 11. Re1 b6 12. Bg5 Bb7 13. Rc1 Rc8 14. Qd3
h6 15. Bf4 Nd5 16. Nxd5 exd5 17. Ba2 Bd6 18. Bb1 f5 19. Ne5 Nxe5 20. dxe5
Rxc1 21. Rxc1 Be7 22. e6 Bd6 23. Qg3 Bxf4 24. Qxf4 Qf6 25. Re1 Bc8 26. Qd6
Re8 27. Qxd5 Bxe6 28. Qc6 Re7 29. Qd6 Kf7 30. b4 g6 31. h3 Bc4 32. Rxe7+
Qxe7 33. Qd2 Qe5 34. Bc2 g5 35. Bd1 Be6 36. Bh5+ Ke7 37. Bf3 Qa1+ 38. Kh2
Qe5+ 39. g3 Bf7 40. Be2 Bd5 41. Bf1 Qe4 42. Qe3 Qxe3 43. fxe3 Kf6 44. Bd3
Ke5 45. Kg1 Be4 46. Bc4 h5 47. Kf2 h4 48. gxh4 gxh4 49. Ke2 f4 50. exf4+
Kxf4 51. Kf2 Bf5 52. Bf1 Be6 53. a4 a5 54. bxa5 bxa5 55. Bg2 Bd7 56. Ke2
Bxa4 57. Kf2 Bd7 58. Bf1 a4 59. Bg2 a3 {White forfeits on time} 0-1